 Dungeon Crawl Stone Soup version 0.17-a0-1399-gd5b76e1 (webtiles) character file.

169 RobertPalmer the Cudgeler (level 5, -4/54 HPs)
             Began as an Ogre Chaos Knight on June 19, 2015.
             Slain by a hobgoblin
             ... wielding a +0 club
              (6 damage)
             ... on level 2 of the Dungeon.
             The game lasted 00:02:37 (1766 turns).

RobertPalmer the Cudgeler (Ogre Chaos Knight)       Turns: 1766, Time: 00:02:37

Health: -4/54      AC:  5    Str: 14 (17) XL:     5   Next: 50%
Magic:  14/14      EV: 10    Int: 16      God:    Xom [..*...]
Gold:   90         SH:  0    Dex: 10      Spells: 0 memorised, 4 levels left

rFire  . . .     SeeInvis .     a - +0 mace (chaos)
rCold  . . .     Clarity  .     b - +2 robe
rNeg   . . .     SustAt   .     (no shield)
rPois  +         Gourm    .     (helmet restricted)
rElec  .         Spirit   .     (no cloak)
rCorr  .         Warding  .     (gloves unavailable)
rMut   .         Stasis   .     (boots unavailable)
MR     .....                    (no amulet)
Stlth  +.........               g - ring of poison resistance {rPois, !d}
                                n - ring of magical power {MP+9}

@: brilliant, not resistant to hostile enchantments, very unstealthy
A: unfitting armour, tough skin 1
a: Renounce Religion


You were on level 2 of the Dungeon.
You worshipped Xom.
You were a toy of Xom.
You were very hungry.

You visited 1 branch of the dungeon, and saw 2 of its levels.

You collected 90 gold pieces.

Inventory:

Hand weapons
 a - a +0 mace of chaos (weapon)
Armour
 b - a +2 robe (worn)
Jewellery
 g - a ring of poison resistance (right hand) {rPois, !d}
   (You found it on level 1 of the Dungeon)
 n - a ring of magical power (left hand) {MP+9}
   (You found it on level 2 of the Dungeon)
Scrolls
 d - a scroll of blinking {unknown}
 e - a scroll of immolation {unknown}
 h - a scroll of magic mapping {unknown}
 i - a scroll of amnesia {unknown}
 k - a scroll of teleportation {unknown}
 m - a scroll of fog {unknown}
 o - 2 scrolls of remove curse {unknown}
Comestibles
 c - a bread ration {@e1}
 f - 3 fruits
 j - 3 meat rations {@e2}


   Skills:
 - Level 4.0 Fighting
 + Level 7.9 Maces & Flails
 - Level 2.1 Dodging


You had 4 spell levels left.
You didn't know any spells.

Dungeon Overview and Level Annotations

Branches:
Dungeon (2/15)

Altars:


Innate Abilities, Weirdness & Mutations

You are too large for most types of armour.
You have tough skin (AC +1).


Message History

Unknown command.
The kobold shouts!
The kobold barely misses you.
You closely miss the kobold. The kobold completely misses you.
You sock the kobold!
You kill the kobold!
No target in view!
No target in view!
Things that are here:
a short sword of holy wrath; a kobold corpse
There is an open door here.
m - a scroll labeled RUSMUTT HOCRO MP restored: 14 3 gnolls come into view.
The gnoll shouts! x3
There are monsters nearby!
There are monsters nearby!
A hobgoblin and a gnoll come into view.
The hobgoblin shouts!
The gnoll throws a throwing net.
The throwing net hits you.
You become entangled in the net!
The gnoll moves out of view.
You see here a throwing net {=f, !d}.
You struggle against the net.
You tear a large gash into the net.
The gnoll shouts!
You shred the net and break free! The gnoll hits you with a whip!
You take 8 damage, and have 46/54 hp.
Xom smiles on you.
You feel clever all of a sudden.
Your goblin zombie hits the gnoll with a club.
Unknown command.
You closely miss the gnoll. The gnoll hits you but does no damage.
The gnoll closely misses you.
You closely miss the gnoll. The gnoll barely misses you.
The gnoll barely misses you.
Your goblin zombie completely misses the gnoll.
You sock the gnoll! The gnoll barely misses you.
The hobgoblin barely misses your goblin zombie.
The gnoll hits you from afar with a spear.
You take 3 damage, and have 44/54 hp.
You hit the gnoll. The gnoll misses you.
Your goblin zombie hits the gnoll with a club.
The hobgoblin hits your goblin zombie with a club.
The gnoll hits you from afar with a spear.
You take 3 damage, and have 41/54 hp.
You thump the gnoll! You burn the gnoll.
You kill the gnoll!
The gnoll hits your goblin zombie with a whip.
Your goblin zombie is destroyed!
The gnoll barely misses you.
You see here a gnoll corpse.
You closely miss the gnoll. The gnoll hits you with a spear.
The gnoll hits you with a spear.
You take 4 damage, and have 37/54 hp.
You hit the gnoll.
There is a sudden explosion of sparks!
The gnoll hits you with a spear.
You take 5 damage, and have 32/54 hp.
You closely miss the gnoll. You hit the gnoll.
You are feeling very hungry.
The gnoll barely misses you.
You closely miss the gnoll. The gnoll hits you with a spear!
You take 7 damage, and have 25/54 hp.
You thump the gnoll!
You kill the gnoll!
The gnoll barely misses you.
You thump the gnoll! You freeze the gnoll.
You kill the gnoll!
You hit the hobgoblin but do no damage. The hobgoblin hits you with a club.
You take 6 damage, and have 20/54 hp.
You hit the hobgoblin but do no damage.
You almost hear Xom's maniacal laughter.
Nothing appears to happen.
The gnoll hits you from afar with a halberd!
* * * LOW HITPOINT WARNING * * *
The hobgoblin hits you with a club.
* * * LOW HITPOINT WARNING * * *
You take 13 damage, and have 7/54 hp.
MASSIVE DAMAGE!!
The gnoll throws a throwing net.
The throwing net hits you.
You become entangled in the net!
You see here a throwing net {=f, !d}.
Drink which item? (? for menu, Esc to quit)
It was a potion of degeneration.
There was something very wrong with that liquid.
You feel weakened.
Unknown command.
Unknown command.
You struggle against the net.
The hobgoblin completely misses you.
You struggle against the net.
The hobgoblin hits you but does no damage.
The gnoll hits you from afar with a halberd!
* * * LOW HITPOINT WARNING * * *
You take 7 damage, and have 1/54 hp.
Unknown command.
You rip the net and break free!
The hobgoblin hits you with a club.
You die...

#.##.## #.#..#
#####.#...###)#..#
#..........##†#..#
.###.#...###.#..#
#.##..###.#..####.#
#.##..............#
#.......g.###.#####
####.##g..# #...#
#############.##@###
###.### ...........##....#
#...# .####......##..###.#
###.# ........#..##......#
#.# .##.##.#_#.#...###
###.# .#......#..#.....#
#...# .##.##......).)..###
###.###
.##.###...##.......# #...#
.##.###..##........###.###


You could see a gnoll and a hobgoblin.

Vanquished Creatures
  Terence (D:2)
  Natasha (D:2)
  3 gnolls (D:2)
  4 adders (D:2)
  3 giant geckos
  A giant cockroach (D:2)
  7 hobgoblins
  11 jackals (D:1)
  A quokka (D:2)
  A ball python (D:1)
  6 bats
  A giant newt (D:2)
  7 goblins
  6 kobolds
  5 rats
58 creatures vanquished.

Notes
Turn   | Place    | Note
--------------------------------------------------------------
     0 | D:1      | RobertPalmer the Ogre Chaos Knight began the quest for the Orb.
     0 | D:1      | Reached XP level 1. HP: 24/24 MP: 1/1
    35 | D:1      | XOM: divination: magic mapping
    45 | D:1      | XOM: divination: detect items
   138 | D:1      | XOM: divination: detect items
   149 | D:1      | XOM: mild Erth miscast
   196 | D:1      | Reached XP level 2. HP: 32/32 MP: 2/2
   220 | D:1      | Reached skill level 5 in Maces & Flails
   315 | D:1      | XOM: divination: magic mapping
   431 | D:1      | Reached XP level 3. HP: 30/39 MP: 3/3
   830 | D:2      | XOM: harmless Chrm miscast
   892 | D:2      | Noticed Terence
   904 | D:2      | Reached skill level 6 in Maces & Flails
  1041 | D:2      | Noticed Natasha
  1054 | D:2      | Killed Natasha
  1054 | D:2      | Reached XP level 4. HP: 23/48 MP: 4/4
  1165 | D:2      | XOM: potion effect (curing)
  1361 | D:2      | Reached skill level 7 in Maces & Flails
  1555 | D:2      | Found a faded altar to an unknown god.
  1572 | D:2      | XOM: potion effect (agility)
  1579 | D:2      | XOM: confuse monster(s)
  1606 | D:2      | Reached XP level 5. HP: 54/54 MP: 5/5
  1627 | D:2      | Killed Terence
  1736 | D:2      | XOM: potion effect (brilliance)
  1756 | D:2      | XOM: harmless Erth miscast
  1756 | D:2      | HP: 11/54 [gnoll/halberd (9)]
  1765 | D:2      | HP: 1/54 [gnoll/halberd (7)]
  1766 | D:2      | Slain by a hobgoblin

Vault maps used:
D:1:      noname_arrival_rooms_in_the_neighbourhood, minmay_misc_feat_roman,
          st_stairs_10, serial_bayou_ford_a, serial_bayou_lagoon_b
D:2:      ecumenical_altar_1, corner_web_ring, minmay_quantized, uniq_terence,
          uniq_iyjb, uniq_natasha

Action                   |  1- 3 |  4- 6 || total
-------------------------+-------+-------++-------
Melee: Mace              |   106 |    79 ||   185
  Use: Scroll            |       |     2 ||     2
       Potion            |       |     1 ||     1
 Stab: Distracted        |       |     1 ||     1
       Sleeping          |       |     1 ||     1
  Eat: Chunk             |       |     2 ||     2

Vault maps used:
D:1:      noname_arrival_rooms_in_the_neighbourhood, minmay_misc_feat_roman,
          st_stairs_10, serial_bayou_ford_a, serial_bayou_lagoon_b
D:2:      ecumenical_altar_1, corner_web_ring, minmay_quantized, uniq_terence,
          uniq_iyjb, uniq_natasha

Table legend:
 A = Turns spent in this place as a percentage of turns spent in the entire game.
 B = Non-inter-level travel turns spent in this place as a percentage of non-inter-level travel turns spent in the entire game.
 C = Inter-level travel turns spent in this place as a percentage of turns spent in this place.
 D = Turns resting spent in this place as a percentage of non-inter-level travel turns spent in this place.
 E = Turns spent auto-exploring this place as a percentage of non-inter-level travel turns spent in this place.
 F = Non-inter-level travel turns spent in this place divided by the number of levels of this place that you've seen.
                   A       B       C       D       E      F
               +-------+-------+-------+-------+-------+----------------------
         Total | 100.0 | 100.0 |   0.2 |   2.0 |  10.3 | 302.0
       Dungeon | 100.0 | 100.0 |   0.2 |   2.0 |  10.3 | 302.0
               +-------+-------+-------+-------+-------+----------------------

Table legend:
 A = Kills in this place as a percentage of kills in entire the game.
 B = Kills by you in this place as a percentage of kills by you in the entire game.
 C = Kills by friends in this place as a percentage of kills by friends in the entire game.
 D = Other kills in this place as a percentage of other kills in the entire game.
 E = Experience gained in this place as a percentage of experience gained in the entire game.
 F = Experience gained in this place divided by the number of levels of this place that you have seen.
                   A       B       C       D       E      F
               +-------+-------+-------+-------+-------+----------------------
         Total | 100.0 | 100.0 |  -nan |  -nan | 100.0 | 121.0
       Dungeon | 100.0 | 100.0 |  -nan |  -nan | 100.0 | 121.0
               +-------+-------+-------+-------+-------+----------------------
